 Dungeon Crawl Stone Soup version 0.31-a0-675-g238779eb0a (webtiles) character file.

Game seed: 3449535990405409953

1 qw the Shooter (level 1, -2/12 HPs)
             Began as a Gargoyle Hunter on Sept 5, 2023.
             Slain by a goblin
             ... wielding a +0 club
              (4 damage)
             ... on level 1 of the Dungeon.
             The game lasted 00:00:02 (29 turns).

qw the Shooter (Gargoyle Hunter)                      Turns: 29, Time: 00:00:02

Health: -2/12      AC:  5    Str: 14    XL:     1   Next: 20%
Magic:  1/1        EV: 11    Int:  9    God:
Gold:   0          SH:  0    Dex: 13    Spells: 0/0 levels left

rFire   . . .        a - +0 shortbow
rCold   . . .        (shield currently unavailable)
rNeg    + . .        c - +0 leather armour
rPois   inf          (no helmet)
rElec   +            (no cloak)
rCorr   .            (no gloves)
SInv    .            (no boots)
Will    .....        (no amulet)
Stlth   +            (no ring)
HPRegen 0.22/turn    (no ring)
MPRegen 0.07/turn

%: no passive effects
@: no status effects
A: sickness immunity, AC +2, negative energy resistance 1, electricity
resistance, torment resistance 1, petrification resistance
a: no special abilities


You were on level 1 of the Dungeon.
You visited 1 branch of the dungeon, and saw 1 of its levels.


Innate Abilities, Weirdness & Mutations

You are immune to sickness and miasma.
Your stone body is resilient. (AC +2)
You are immune to poison.
You resist negative energy. (rN+)
You are resistant to electric shocks. (rElec)
You are resistant to unholy torment.
You are immune to petrification.


   Skills:
 - Level 2.1 Fighting
 + Level 4.0 Ranged Weapons
 - Level 1.5 Dodging
 - Level 1.1 Stealth


You couldn't memorise any spells.
You didn't know any spells.
Your spell library was empty.

Inventory:

Hand Weapons
 a - a +0 shortbow (weapon)
Armour
 c - a +0 leather armour (worn)
Scrolls
 b - a scroll of butterflies

Dungeon Overview and Level Annotations

Branches:
Dungeon (1/15)

Altars:


Message History

You shoot an arrow. The arrow hits the bat.
The bat is severely wounded.
The bat closely misses you. The frilled lizard bites you.
The endoplasm barely misses you. x2; The frilled lizard barely misses you.
You shoot an arrow. The arrow hits the frilled lizard.
You kill the frilled lizard!
The bat hits you but does no damage. The endoplasm completely misses you.
You shoot an arrow.
The arrow hits the endoplasm but does no damage.
The bat closely misses you. The endoplasm freezes you.
You are frozen.
The goblin hits you but does no damage.
You shoot an arrow.
The arrow hits the bat but does no damage.
The bat is moderately wounded.
The bat hits you. The endoplasm barely misses you.
The goblin hits you with a +0 club. The bat barely misses you.
You shoot an arrow. The arrow hits the bat.
The bat is severely wounded.
The bat completely misses you. The goblin closely misses you.
The endoplasm misses you. The endoplasm completely misses you.
The goblin completely misses you.
You shoot an arrow. The arrow closely misses the bat.
The bat hits you but does no damage. The bat barely misses you.
The bat closely misses you. The endoplasm misses you.
The goblin hits you with a +0 club.
You shoot an arrow.
The arrow hits the endoplasm but does no damage.
The bat closely misses you. The bat hits you but does no damage.
The endoplasm barely misses you. The goblin completely misses you.
You shoot an arrow. The arrow hits the endoplasm.
The endoplasm is lightly wounded.
The bat barely misses you.
The endoplasm hits you but does no damage.
The goblin closely misses you. The bat hits you but does no damage.
You shoot an arrow. The arrow barely misses the bat.
The bat barely misses you. The goblin hits you but does no damage.
The endoplasm hits you. The bat barely misses you.
The goblin hits you with a +0 club.
You die...

#..¤.¤¤<.~..~.#
####..~¤.~¤¤~..~.#
......~~.~¤¤~..~.#
####....~.....~...
###..~.....¤.#.
#...~~~~~~¤.#
#.#.........#
###.#####.#..#.
#..g@...#...#
#..Jb.....##
#.......###
#.........
.).........#
###.......#...
#...........
(...........


You could see an endoplasm, a goblin and a bat.

Vanquished Creatures
  A frilled lizard (D:1)
  A kobold (D:1)
2 creatures vanquished.

Notes
Turn   | Place    | Note
-------+----------+-------------------------------------------
     0 | D:1      | qw the Gargoyle Hunter began the quest for the Orb.
     0 | D:1      | Reached XP level 1. HP: 12/12 MP: 1/1
     0 | D:1      | 0 ||| qw: Version: 0.3-a-75-g829b12e
     0 | D:1      | 0 ||| qw: Game counter: 76
     0 | D:1      | 0 ||| qw: Melee chars always use a shield: true
     0 | D:1      | 0 ||| qw: God list: Okawaru
     0 | D:1      | 0 ||| qw: Allow faded altars: false
     0 | D:1      | 0 ||| qw: Do Orc after clearing Dungeon:15 true
     0 | D:1      | 0 ||| qw: Do second Lair branch before Depths: true
     0 | D:1      | 0 ||| qw: Lair rune preference: random
     0 | D:1      | 0 ||| qw: Goals: Normal
     0 | D:1      | 0 ||| PLANNING D:1-11
    26 | D:1      | HP: 3/12 [goblin/+0 club (2)]
    29 | D:1      | Slain by a goblin

Levels and vault maps discovered:
D:1:      ebering_hopf_link, layout_rooms

Action                     || total
---------------------------++-------
   Fire: Shortbow          ||    17
 Armour: Leather armour    ||    16
  Dodge: Dodged            ||    28

Table legend:
 A = Non-vault XP
 B = Vault XP
 C = Vault XP percentage of total XP
 D = Non-vault monster count
 E = Vault monster count
 F = Vault count percentage of total count
                 A         B        C        D         E       F
            +---------+---------+-------+---------+---------+-------
      Total |       2 |       0 |   0.0 |       2 |       0 |   0.0
            +---------+---------+-------+---------+---------+-------
        D:1 |       2 |       0 |   0.0 |       2 |       0 |   0.0
            +---------+---------+-------+---------+---------+-------
